 Dungeon Crawl Stone Soup version 0.27.1-34-g3ba077fa99 (webtiles) character file.

Game seed: 5766849453887663897

242 iwittbrodt the Poker (level 6, 0/49 HPs)
             Began as a Merfolk Gladiator on Jan 27, 2022.
             Slain by a small abomination (9 damage)
             ... on level 1 of the Abyss.
             The game lasted 00:18:37 (3771 turns).

iwittbrodt the Poker (Merfolk Gladiator)            Turns: 3771, Time: 00:18:38

Health: 0/49       AC:  6    Str: 15    XL:     6   Next: 9%
Magic:  6/6        EV: 12    Int:  8    God:
Gold:   120        SH:  4    Dex: 16    Spells: 5/5 levels left

rFire    . . .     SeeInvis .   a - +12 falchion of Massacring {drain, Fly rElec rC- rN++}
rCold    . . .     Faith    .   h - +0 buckler
rNeg     + + .     Spirit   .   n - +0 ring mail
rPois    .         Reflect  .   c - +0 helmet
rElec    +         Harm     .   (no cloak)
rCorr    .         Rampage  .   (no gloves)
Will     .....                  (no boots)
Stlth    +.........             k - amulet of magic regeneration
HPRegen  0.16/turn              m - ring of protection from cold
MPRegen  0.35/turn              (no ring)

@: about to teleport, flying
A: (nimble swimmer 2), mertail
a: no special abilities


You were on level 1 of the Abyss.
You visited 1 branch of the dungeon, and saw 4 of its levels.
You visited the Abyss 1 time.
You also visited: Sewer.

You collected 144 gold pieces.
You spent 24 gold pieces at shops.

Inventory:

Hand Weapons
 a - the +12 falchion of Massacring (weapon) {drain, Fly rElec rC- rN++}
   (You found it in a sewer)

   A truly terrible weapon, it drains the life of any living foe it strikes.
   rC:        It makes you vulnerable to cold.
   rElec:     It insulates you from electricity.
   rN:        It greatly protects you from negative energy.
   Fly:       It grants you flight.
 q - a +2 whip of draining
 s - a +0 trident
Missiles
 d - 3 throwing nets
 e - 87 stones
 j - 19 sling bullets
 p - 14 poisoned darts (quivered)
 x - 5 boomerangs
Armour
 c - a +0 helmet (worn)
 h - a +0 buckler (worn)
 n - a +0 ring mail (worn)
 v - a +0 chain mail
Jewellery
 k - an amulet of magic regeneration (around neck)
 m - a ring of protection from cold (left hand)
 u - an amulet of faith
Wands
 f - a wand of charming (6)
 w - a wand of polymorph (11)
Scrolls
 b - a scroll of identify
 l - a scroll of summoning
 o - a scroll of amnesia
 r - a scroll of teleportation
Potions
 g - a potion of curing
 i - a potion of attraction {unknown}
 t - a potion of magic {unknown}


   Skills:
 * Level 4.6 Fighting
 + Level 0.2 Long Blades
 - Level 5.7 Polearms
 - Level 2.0 Throwing
 + Level 5.2 Dodging
 + Level 2.2 Shields


You had 5 spell levels left.
You didn't know any spells.
Your spell library contained the following spells:

 Spells                   Type           Power      Damage    Failure   Level
 Beastly Appendage        Tmut           0%         N/A       73%         1
 Wereblood                Tmut           0%         N/A       86%         2
 Ignite Poison            Fire/Tmut/Pois 0%         N/A       97%         3
 Mephitic Cloud           Conj/Pois/Air  0%         N/A       97%         3
 Spider Form              Tmut/Pois      0%         N/A       97%         3
 Bolt of Magma            Conj/Fire/Erth 0%         4d4       100%        5


Dungeon Overview and Level Annotations

Branches:
Dungeon (4/15)              Sewer (visited)
 Temple: D:4-7

Altars:

Shops:
D:1 =!*!=

Annotations:
D:4 Dowan, Duvessa


Innate Abilities, Weirdness & Mutations

((You are quick and stealthy near water. (Stealth+, EV+, Speed+++)))
Your lower body shifts to a powerful aquatic tail in water.


Message History

Found 5 boomerangs.
You see here 5 boomerangs.
x - 5 boomerangs A large abomination comes into view.
A small abomination comes into view.
The small abomination misses you.
An ufetubus and a small abomination come into view.
The ufetubus shouts!
Unknown command.
You barely miss the small abomination.
You block the small abomination's attack. x2
You barely miss the small abomination. The small abomination hits you!!
As you read the scroll labelled FAFASCHIHYA, it crumbles to dust.
You feel strangely unstable.
You feel the power of the Abyss delaying your translocation!
It was a scroll of teleportation.
The small abomination hits you but does no damage.
You hit the small abomination.
The small abomination is moderately damaged.
The small abomination hits you!
The small abomination closely misses you.
You hit the small abomination but do no damage.
The small abomination is moderately damaged.
You block the small abomination's attack.
You closely miss the small abomination.
The small abomination is moderately damaged.
The small abomination hits you.
* * * LOW HITPOINT WARNING * * *
The small abomination hits you.
* * * LOW HITPOINT WARNING * * *
You hit the small abomination.
The small abomination is moderately damaged.
The small abomination closely misses you.
You barely miss the small abomination.
The small abomination is moderately damaged.
The small abomination hits you but does no damage. x2
You barely miss the small abomination.
The small abomination is moderately damaged.
The small abomination hits you!
You die...

.# . .. ## .#
..#. .#. # .
.# . # ## ..
####
.##...#..
###x@#
#...#..#5###
###......x.##
# #. ..##...
.. . # ##. ..
...#...#..# .
..#..## .. #
#.. . #..#.
#...# #
........#..
#... ##
.###....##.
##.#


You could see 2 small abominations and an ufetubus.

Vanquished Creatures
  A water moccasin (Sewer)
  Jessica (D:2)
  3 adders
  A worm (D:2)
  2 dart slugs
  An orc (D:2)
  2 endoplasms (D:2)
  6 giant cockroaches
  8 goblins
  3 hobgoblins
  2 jackals (Sewer)
  7 kobolds
  6 quokkas
  4 ball pythons
  7 bats
  4 frilled lizards
  5 rats
63 creatures vanquished.

Vanquished Creatures (collateral kills)
  2 adders (D:3)
  A giant cockroach (D:3)
3 creatures vanquished.

Grand Total: 66 creatures vanquished

Notes
Turn   | Place    | Note
-------+----------+-------------------------------------------
     0 | D:1      | iwittbrodt the Merfolk Gladiator began the quest for the
                  | Orb.
     0 | D:1      | Reached XP level 1. HP: 16/16 MP: 1/1
   114 | D:1      | Found Ypsuh's Distillery.
   243 | D:1      | Found Kyfolen's General Store.
   277 | D:1      | Found Jaxtun's Jewellery Shoppe.
   301 | D:1      | Reached XP level 2. HP: 23/23 MP: 2/2
   351 | D:1      | Bought a scroll of identify for 24 gold pieces
   391 | D:1      | Found Isuiffy's Distillery.
   418 | D:1      | Found Kaest's Jewellery Shoppe.
   893 | D:1      | Reached XP level 3. HP: 12/29 MP: 3/3
  1476 | D:2      | Reached skill level 1 in Shields
  1880 | D:2      | Found a faded altar of an unknown god.
  2155 | D:3      | Reached skill level 5 in Polearms
  2155 | D:3      | Reached XP level 4. HP: 22/35 MP: 4/4
  2307 | D:3      | Noticed Jessica
  2670 | D:2      | Killed Jessica
  2716 | D:3      | Reached XP level 5. HP: 38/42 MP: 5/5
  2757 | D:3      | Found a glowing drain.
  2770 | Sewer    | Entered a sewer
  2895 | Sewer    | Noticed a water moccasin
  2935 | Sewer    | Killed a water moccasin
  2936 | Sewer    | Reached skill level 5 in Dodging
  2936 | Sewer    | Reached XP level 6. HP: 20/49 MP: 6/6
  3293 | Sewer    | Identified the +12 falchion of Massacring {drain, Fly rElec
                  | rC- rN++}
  3570 | D:4      | Noticed Duvessa
  3571 | D:4      | Noticed Dowan
  3693 | D:4      | Cast into level 1 of the Abyss (Dowan)
  3733 | Abyss:1  | Found a corrupted altar of Lugonu.
  3744 | Abyss:1  | Noticed a large abomination
  3771 | Abyss:1  | Slain by a small abomination

Illustrated notes

Levels and vault maps discovered:
D:1:      dpeg_arrival_pits, layout_loops_ring, serial_shops, shop, shop, shop,
          shop_fountains, nicolae_shop_trees, minmay_misc_feat_tower
D:2:      layout_rooms, hellmonk_ecumenical_altar_crossroads, kennysheep_path_1,
          minmay_misc_feat_secret_circle
D:3:      minmay_inner_zag, layout_rooms, portal_sewer_entry_f, uniq_jessica
D:4:      layout_gridville, overflow_temple_1_default, uniq_duvessa, uniq_robin,
          uniq_natasha, uniq_ijyb
Abyss:1:  base: D:2, hangedman_steaming_rock

Skill      XL: |  1  2  3  4  5 |
---------------+----------------+-----
Fighting       | 3 4 |  4.6
Shields        | 1 2 |  2.2
Polearms       | 5 |  5.7
Dodging        | 5 |  5.2
Long Blades    | |  0.2
Throwing       | |  2.0

Action                   |  1- 3 |  4- 6 || total
-------------------------+-------+-------++-------
Melee: Trident           |    99 |   108 ||   207
       Falchion          |       |    16 ||    16
Throw: Stone             |    28 |     1 ||    29
       Dart              |       |     2 ||     2
Evoke: Wand              |       |     1 ||     1
  Use: Scroll            |     6 |     2 ||     8
       Potion            |       |     3 ||     3
 Stab: Distracted        |       |     1 ||     1
Armor: Leather armour    |    21 |       ||    21
       Ring mail         |     3 |    48 ||    51
Dodge: Dodged            |    46 |   102 ||   148
Block: Buckler           |    11 |    36 ||    47
       Rpst.: Falchion   |       |     3 ||     3
